[Event "42nd Olympiad Baku 2016 Women"]
[Site "Baku"]
[Date "2016.09.03"]
[Round "2.3"]
[White "Azman Hisham, Nur Nabila"]
[Black "Eric, Jovana"]
[Result "1/2-1/2"]
[ECO "D52"]
[WhiteElo "1994"]
[BlackElo "2161"]
[Annotator ""]
[PlyCount "149"]
[EventDate "2016.??.??"]
[EventCountry "AZE"]
[SourceTitle "playchess.com"]
[Source "ChessBase"]
[WhiteTeam "Malaysia"]
[BlackTeam "Serbia"]
[WhiteTeamCountry "MAS"]
[BlackTeamCountry "SRB"]
[TimeControl "40/5400+30:1800+30"]

1. d4 {(00:00)} d5 {(00:00)} 2. c4 {(00:00)} c6 {(
00:00)} 3. Nc3 {(00:05)} Nf6 {(00:03)} 4. Nf3 {(01:02)} e6
{(00:55)} 5. Bg5 {(00:27)} Nbd7 {(01:00)} 6. e3 {(
01:21)} Qa5 {(00:57)} 7. Qb3 {(08:17)} Ne4 {(10:09)} 8.
Bh4 {(05:49)} Bd6 {(04:14)} 9. Bd3 {(07:10)} f5 {(
04:18)} 10. O-O {(06:34)} Ndf6 {(03:51)} 11. Rad1 {(11:05]
} O-O {(04:08)} 12. cxd5 {(08:07)} exd5 {(00:50)} 13. Ne5
{(08:04)} Qc7 {(13:00)} 14. f3 {(04:43)} Nxc3 {(08:
42)} 15. Qxc3 {(00:18)} Be6 {(00:38)} 16. b4 {(02:45)} Qb6
{(02:06)} 17. Rb1 {(03:06)} a6 {(04:35)} 18. a4 {(
01:58)} Rae8 {(05:22)} 19. Rfe1 {(09:41)} Bc8 {(03:41)}
20. Bg3 {(03:25)} Qc7 {(02:15)} 21. f4 {(04:34)} Nd7 {
(08:02)} 22. Rec1 {(02:38)} Nb6 {(04:52)} 23. Qc2 {
(04:15)} Be6 {(03:49)} 24. b5 {(03:02)} axb5 {(00:
07)} 25. axb5 {(00:04)} Bxe5 {(00:15)} 26. fxe5 {(00:21)}
Nc4 {(00:53)} 27. Bxc4 {(03:17)} dxc4 {(00:05)} 28. bxc6 {
(00:25)} Qxc6 {(01:30)} 29. Be1 {(00:54)} Bd5 {(01:
15)} 30. Rb2 {(00:47)} b5 {(01:55)} 31. Bb4 {(00:37)} Rf7
{(00:10)} 32. Ra1 {(00:22)} f4 {(00:58)} 33. Qf2 {(
00:41)} Qh6 {(05:40)} 34. Bd2 {(00:31)} c3 {(00:13)} 35.
Bxc3 {(00:05)} fxe3 {(00:04)} 36. Qg3 {(00:49)} Bc4 {
(01:18)} 37. Re1 {(00:37)} e2 {(02:00)} 38. Rbxe2 {
(00:13)} Bxe2 {(00:07)} 39. Rxe2 {(00:01)} Qe6 {(
02:21)} 40. Qd3 {(00:00)} Qd5 {(00:00)} 41. Bb4 {(01:12)}
Rf4 {(08:41)} 42. Bc5 {(01:42)} b4 {(02:54)} 43. Qb5 {
(05:32)} Ref8 {(01:28)} 44. h3 {(04:19)} Rxd4 {(05:
14)} 45. Qb6 {(01:05)} Rd1+ {(00:42)} 46. Kh2 {(00:09)}
Re8 {(02:28)} 47. Qxb4 {(01:59)} Rc1 {(00:31)} 48. Bd6 {
(03:35)} Qd1 {(02:36)} 49. Rf2 {(08:35)} Rec8 {(01:
49)} 50. e6 {(05:17)} Qg1+ {(00:49)} 51. Kg3 {(00:04)}
R8c3+ {(02:04)} 52. Rf3 {(00:38)} Rxf3+ {(01:43)} 53. Kxf3
{(00:05)} Qf1+ {(00:21)} 54. Kg3 {(00:32)} Qe1+ {(
00:22)} 55. Qxe1 {(00:06)} Rxe1 {(00:02)} 56. e7 {(00:07)}
Kf7 {(00:04)} 57. Kf2 {(03:20)} Rd1 {(00:21)} 58. Bc5 {
(00:09)} Rd3 {(00:13)} 59. Bb4 {(00:15)} Ke8 {(00:
35)} 60. Bc5 {(00:28)} Kd7 {(00:05)} 61. Bb4 {(00:10)} Rb3
{(01:13)} 62. Bc5 {(00:05)} Rc3 {(00:49)} 63. Bb4 {
(00:05)} Rc4 {(00:07)} 64. Ba3 {(00:07)} Rc2+ {(00:
04)} 65. Kg1 {(00:10)} h5 {(00:30)} 66. Kh2 {(00:53)} h4 {
(00:37)} 67. Bb4 {(00:30)} Rc4 {(01:04)} 68. Ba3 {(
00:06)} Re4 {(00:21)} 69. Kg1 {(00:18)} Re2 {(00:46)} 70.
Kf1 {(00:21)} Ra2 {(00:05)} 71. Bb4 {(00:05)} g5 {(
00:57)} 72. Bc5 {(00:29)} Ra5 {(01:04)} 73. Bb4 {(00:08)}
Rb5 {(00:15)} 74. Ba3 {(00:07)} Rb3 {(00:44)} 75. Bc5 {
(00:07)} 1/2-1/2

[Event "42nd Olympiad Baku 2016 Women"]
[Site "Baku"]
[Date "2016.09.03"]
[Round "2.15"]
[White "Badelka, Olga"]
[Black "Schnegg, Anna-Lena"]
[Result "1-0"]
[ECO "D31"]
[WhiteElo "2222"]
[BlackElo "2133"]
[Annotator ""]
[PlyCount "120"]
[EventDate "2016.??.??"]
[EventCountry "AZE"]
[SourceTitle "playchess.com"]
[Source "ChessBase"]
[WhiteTeam "Belarus"]
[BlackTeam "Austria"]
[WhiteTeamCountry "BLR"]
[BlackTeamCountry "AUT"]
[TimeControl "40/5400+30:1800+30"]

1. d4 {(00:00)} d5 {(00:00)} 2. c4 {(00:00)} e6 {(
00:00)} 3. Nc3 {(00:00)} Be7 {(00:00)} 4. cxd5 {(00:00)}
exd5 {(00:00)} 5. Bf4 {(00:00)} c6 {(00:08)} 6. e3 {
(00:03)} Bf5 {(00:08)} 7. Nge2 {(00:06)} Nd7 {(00:
39)} 8. Ng3 {(00:21)} Bg6 {(00:29)} 9. Be2 {(01:15)} Qb6 {
(00:27)} 10. Qd2 {(00:40)} h5 {(00:17)} 11. h4 {(
02:27)} Nf8 {(00:15)} 12. Bd3 {(08:39)} Bxd3 {(10:12)} 13.
Qxd3 {(00:05)} Ne6 {(03:24)} 14. Nf5 {(01:58)} Nxf4 {
(02:59)} 15. exf4 {(00:05)} O-O-O {(07:14)} 16. O-O-O {
(06:11)} Bf6 {(11:03)} 17. Kb1 {(01:31)} g6 {(02:
18)} 18. Ne3 {(00:07)} Ne7 {(03:03)} 19. g3 {(04:43)} Kb8
{(06:10)} 20. Na4 {(03:25)} Qb5 {(13:32)} 21. Qc2 {
(03:12)} Nc8 {(07:53)} 22. Rd3 {(05:10)} Qa5 {(18:
28)} 23. Nc5 {(02:17)} Be7 {(01:24)} 24. f5 {(09:04)} Bxc5
{(01:49)} 25. dxc5 {(00:05)} Ne7 {(04:25)} 26. fxg6 {
(04:15)} fxg6 {(00:06)} 27. Ng2 {(00:52)} d4 {(02:
59)} 28. Rhd1 {(02:29)} Rd5 {(00:48)} 29. Rxd4 {(07:41)}
Qxc5 {(01:15)} 30. Qxc5 {(00:58)} Rxc5 {(00:04)} 31. Nf4 {
(00:14)} Re5 {(03:14)} 32. Rd6 {(03:50)} Rg8 {(00:
25)} 33. R1d2 {(03:41)} Nd5 {(00:49)} 34. Nxd5 {(05:44)}
cxd5 {(00:07)} 35. R6xd5 {(00:05)} Rxd5 {(00:47)} 36. Rxd5
{(00:01)} Rf8 {(00:36)} 37. f4 {(11:41)} Kc7 {(00:
22)} 38. Kc2 {(00:03)} Kc6 {(00:28)} 39. Rg5 {(00:54)} Rf6
{(00:11)} 40. Kc3 {(00:00)} Kd6 {(00:00)} 41. Kd4 {
(02:48)} Re6 {(10:10)} 42. b4 {(03:23)} a6 {(03:07]
} 43. a4 {(01:28)} b6 {(03:23)} 44. Rd5+ {(07:12)} Kc7 {
(02:30)} 45. b5 {(08:53)} a5 {(04:38)} 46. f5 {(00:
41)} gxf5 {(01:33)} 47. Rxf5 {(00:04)} Rg6 {(01:56)} 48.
Rg5 {(00:41)} Rh6 {(02:06)} 49. Ke5 {(03:35)} Rh7 {
(01:53)} 50. Kf6 {(00:05)} Rh6+ {(01:10)} 51. Rg6 {
(00:57)} Rh8 {(00:29)} 52. Kg5 {(00:56)} Rh7 {(00:
34)} 53. g4 {(01:48)} hxg4 {(00:12)} 54. Kxg4 {(00:04)}
Rd7 {(01:41)} 55. h5 {(00:29)} Rd4+ {(00:15)} 56. Kg5 {
(00:15)} Rxa4 {(00:30)} 57. h6 {(00:12)} Rb4 {(01:
01)} 58. Rg7+ {(00:25)} Kd6 {(00:22)} 59. h7 {(00:10)}
Rxb5+ {(00:44)} 60. Kg6 {(00:04)} Kd5 1-0

[Event "42nd Olympiad Baku 2016 Women"]
[Site "Baku"]
[Date "2016.09.03"]
[Round "2.15"]
[White "Baqer, Fatemah Alzahraa"]
[Black "Avalos, Leticia"]
[Result "0-1"]
[ECO "C01"]
[WhiteElo "1204"]
[BlackElo "1729"]
[Annotator ""]
[PlyCount "72"]
[EventDate "2016.??.??"]
[EventCountry "AZE"]
[SourceTitle "playchess.com"]
[Source "ChessBase"]
[WhiteTeam "Kuwait"]
[BlackTeam "Paraguay"]
[WhiteTeamCountry "KUW"]
[BlackTeamCountry "PAR"]
[TimeControl "40/5400+30:1800+30"]

1. e4 {(00:00)} e6 {(00:00)} 2. d4 {(00:27)} d5 {(
00:00)} 3. exd5 {(00:33)} exd5 {(00:00)} 4. a3 {(00:49)}
Nf6 {(00:12)} 5. Nc3 {(01:02)} Be7 {(00:15)} 6. Nf3 {
(01:35)} Bg4 {(00:19)} 7. Be2 {(00:28)} Nc6 {(01:
33)} 8. O-O {(00:43)} O-O {(00:54)} 9. Bf4 {(01:45)} a6 {
(02:42)} 10. h3 {(02:02)} Bh5 {(01:32)} 11. g4 {(
01:57)} Bg6 {(00:32)} 12. Ne5 {(00:31)} Ne4 {(06:15)} 13.
Nxg6 {(01:03)} hxg6 {(00:26)} 14. Nxe4 {(00:14)} dxe4 {
(00:10)} 15. d5 {(00:46)} Nb8 {(05:43)} 16. g5 {(
04:16)} Bxg5 {(01:14)} 17. Bxg5 {(00:18)} Qxg5+ {(00:07)}
18. Bg4 {(00:10)} f5 {(00:52)} 19. f4 {(00:33)} exf3 {
(01:56)} 20. Rxf3 {(02:49)} Nd7 {(05:07)} 21. d6 {(
01:34)} fxg4 {(01:06)} 22. Rg3 {(01:47)} Qc5+ {(01:47)}
23. Kh1 {(01:52)} cxd6 {(00:23)} 24. Qxg4 {(00:46)} Qd5+ {
(00:50)} 25. Kg1 {(01:05)} Ne5 {(00:28)} 26. Qg5 {(
00:33)} Nf3+ {(00:33)} 27. Rxf3 {(12:23)} Qxg5+ {(00:07)}
28. Kf2 {(00:08)} Rxf3+ {(00:07)} 29. Kxf3 {(00:13)} Rf8+
{(00:07)} 30. Ke2 {(00:12)} Qg2+ {(00:34)} 31. Kd3 {
(00:20)} Rf2 {(00:57)} 32. Kd4 {(01:54)} Rd2+ {(00:
43)} 33. Kc4 {(01:15)} Qc6+ {(00:49)} 34. Kb3 {(00:49)}
Qxc2+ {(00:58)} 35. Kb4 {(00:41)} Rd4+ {(00:40)} 36. Ka5 {
(00:31)} Qc5# {(00:09)} 0-1

[Event "42nd Olympiad Baku 2016 Women"]
[Site "Baku"]
[Date "2016.09.03"]
[Round "2.28"]
[White "Barbier, Astrid"]
[Black "Kurbonboeva, Sarvinoz"]
[Result "0-1"]
[ECO "B23"]
[WhiteElo "1825"]
[BlackElo "2223"]
[Annotator ""]
[PlyCount "102"]
[EventDate "2016.??.??"]
[EventCountry "AZE"]
[SourceTitle "playchess.com"]
[Source "ChessBase"]
[WhiteTeam "Belgium"]
[BlackTeam "Uzbekistan"]
[WhiteTeamCountry "BEL"]
[BlackTeamCountry "UZB"]
[TimeControl "40/5400+30:1800+30"]

1. e4 {(00:00)} c5 {(00:00)} 2. Nc3 {(00:00)} d6 {(
00:08)} 3. f4 {(00:13)} g6 {(00:26)} 4. Nf3 {(00:54)} Bg7
{(00:22)} 5. Bb5+ {(01:01)} Bd7 {(00:28)} 6. Bc4 {(
01:58)} Nc6 {(16:13)} 7. a3 {(09:54)} e6 {(01:47)} 8. O-O
{(03:04)} Nge7 {(00:34)} 9. Qe1 {(03:39)} O-O {(06:
13)} 10. d3 {(06:52)} a6 {(08:34)} 11. Qh4 {(09:14)} Nd4 {
(12:27)} 12. Nxd4 {(07:17)} Bxd4+ {(06:34)} 13. Kh1 {
(00:14)} Nc6 {(00:35)} 14. Qh3 {(02:58)} Bg7 {(03:
11)} 15. Ne2 {(06:44)} b5 {(03:01)} 16. Ba2 {(03:45)} Nd4
{(08:15)} 17. Nxd4 {(01:40)} cxd4 {(00:04)} 18. g4 {
(11:08)} Rc8 {(02:29)} 19. Rf2 {(02:57)} Kh8 {(03:
06)} 20. f5 {(06:09)} exf5 {(04:32)} 21. gxf5 {(04:41)}
gxf5 {(03:25)} 22. Qh5 {(07:36)} fxe4 {(03:13)} 23. dxe4 {
(02:58)} Bc6 {(05:15)} 24. Bd5 {(00:49)} Bxd5 {(00:
40)} 25. exd5 {(01:09)} Qe7 {(00:08)} 26. Qf3 {(04:02)}
Be5 {(06:38)} 27. Bf4 {(01:02)} Rg8 {(01:48)} 28. Re1 {
(00:58)} f6 {(00:19)} 29. Ree2 {(00:57)} Rc5 {(01:
01)} 30. Rg2 {(00:21)} Rxg2 {(01:26)} 31. Rxg2 {(00:06)}
Bxf4 {(00:49)} 32. Qxf4 {(00:06)} Rxd5 {(00:13)} 33. Qg4 {
(00:28)} Rg5 {(00:09)} 34. Qc8+ {(00:36)} Kg7 {(00:
04)} 35. Rxg5+ {(00:17)} fxg5 {(00:04)} 36. Qf5 {(00:40)}
Qf6 {(01:15)} 37. Qh3 {(00:53)} Kg6 {(01:10)} 38. Kg1 {
(00:26)} Qf5 {(00:57)} 39. Qb3 {(00:53)} Qg4+ {(00:
34)} 40. Kf2 {(00:00)} Qf4+ {(00:00)} 41. Kg2 {(01:54)}
Qe4+ {(00:50)} 42. Kf1 {(03:21)} Qh1+ {(00:42)} 43. Kf2 {
(00:34)} Qxh2+ {(00:06)} 44. Kf1 {(00:18)} Qf4+ {(
00:09)} 45. Kg2 {(00:13)} Qe4+ {(01:52)} 46. Kf1 {(03:46)}
Kf5 {(03:30)} 47. Qf7+ {(04:57)} Kg4 {(00:16)} 48. Qg7 {
(02:41)} Kf3 {(03:05)} 49. Qf7+ {(01:44)} Qf4 {(00:
18)} 50. Qh5+ {(02:52)} Kg3+ {(00:47)} 51. Ke1 {(00:20)}
Qf2+ {(00:13)} 0-1

[Event "42nd Olympiad Baku 2016 Women"]
[Site "Baku"]
[Date "2016.09.03"]
[Round "2.27"]
[White "Barrett, Ariel"]
[Black "Sandiford, Segan"]
[Result "1-0"]
[ECO "A29"]
[WhiteElo "1763"]
[BlackElo "1226"]
[Annotator ""]
[PlyCount "45"]
[EventDate "2016.??.??"]
[EventCountry "AZE"]
[SourceTitle "playchess.com"]
[Source "ChessBase"]
[WhiteTeam "Jamaica"]
[BlackTeam "Barbados"]
[WhiteTeamCountry "JAM"]
[BlackTeamCountry "BAR"]
[TimeControl "40/5400+30:1800+30"]

1. c4 {(00:00)} e5 {(00:00)} 2. Nc3 {(00:00)} Nf6 {
(00:00)} 3. Nf3 {(00:00)} Nc6 {(00:50)} 4. g3 {(00:
00)} d5 {(02:38)} 5. cxd5 {(00:47)} Nxd5 6. Bg2 {(00:05)}
Be6 {(01:56)} 7. O-O {(01:22)} Qd7 {(02:47)} 8. Re1 {
(04:03)} Bh3 {(08:52)} 9. Bxh3 {(06:48)} Qxh3 {(05:
46)} 10. Nxd5 {(00:18)} Qd7 {(04:00)} 11. Nc3 {(05:56)}
O-O-O {(03:10)} 12. d3 {(02:11)} h6 {(04:15)} 13. a3 {
(02:43)} g5 {(06:58)} 14. Be3 {(19:55)} g4 {(13:29]
} 15. Nd2 {(13:30)} a6 {(12:03)} 16. Nce4 {(12:29)} Nd4 {
(14:34)} 17. Rc1 {(01:48)} Qd5 {(13:06)} 18. Nc4 {(
01:14)} Kb8 {(01:58)} 19. b4 {(03:23)} f5 {(02:32)} 20.
Nc5 {(04:03)} h5 {(00:33)} 21. Bg5 {(00:36)} Rd6 {(
00:26)} 22. Nxd6 {(00:22)} Qxd6 {(00:06)} 23. Qa4 {(01:52]
} 1-0

[Event "42nd Olympiad Baku 2016 Women"]
[Site "Baku"]
[Date "2016.09.03"]
[Round "2.6"]
[White "Batchimeg, Tuvshintugs"]
[Black "Khalafova, Narmin"]
[Result "1/2-1/2"]
[ECO "D17"]
[WhiteElo "2391"]
[BlackElo "2219"]
[Annotator ""]
[PlyCount "114"]
[EventDate "2016.??.??"]
[EventCountry "AZE"]
[SourceTitle "playchess.com"]
[Source "ChessBase"]
[WhiteTeam "Mongolia"]
[BlackTeam "Azerbaijan"]
[WhiteTeamCountry "MGL"]
[BlackTeamCountry "AZE"]
[TimeControl "40/5400+30:1800+30"]

1. d4 {(00:00)} d5 {(00:03)} 2. c4 {(00:00)} c6 {(
00:11)} 3. Nf3 {(00:09)} Nf6 {(00:08)} 4. Nc3 {(00:13)}
dxc4 {(00:24)} 5. a4 {(00:10)} Bf5 {(00:10)} 6. Nh4 {
(00:27)} Bc8 {(09:52)} 7. e4 {(02:57)} e5 {(04:17)}
8. dxe5 {(14:26)} Qxd1+ {(04:38)} 9. Nxd1 {(03:22)} Bb4+ {
(07:49)} 10. Bd2 {(00:56)} Bxd2+ {(00:16)} 11. Kxd2 {
(00:04)} Nxe4+ {(00:08)} 12. Ke3 {(00:45)} Nc5 {(
03:23)} 13. Bxc4 {(05:51)} Nba6 {(06:20)} 14. Nc3 {(14:27]
} Be6 {(14:33)} 15. Bxa6 {(20:21)} Nxa6 {(03:43)} 16. Rad1
{(01:51)} O-O {(15:36)} 17. Rd6 {(03:09)} Rae8 {(
06:41)} 18. f4 {(01:00)} Bb3 {(05:19)} 19. Nf3 {(09:39)}
Nc5 {(06:34)} 20. a5 {(01:28)} f6 {(01:39)} 21. Rc1 {
(02:40)} fxe5 {(02:01)} 22. fxe5 {(02:26)} Re7 {(
02:18)} 23. Re1 {(08:33)} Nd7 {(02:45)} 24. Kd2 {(01:42)}
Rfe8 {(00:51)} 25. a6 {(01:49)} bxa6 {(01:38)} 26. Rxc6 {
(00:56)} Nxe5 {(00:57)} 27. Nxe5 {(00:30)} Rxe5 {(
00:03)} 28. Rxe5 {(00:16)} Rxe5 {(00:01)} 29. Rxa6 {(00:
15)} Re7 {(00:39)} 30. Ra3 {(01:00)} Bc4 {(00:55)} 31. Ra4
{(00:19)} Be6 {(00:18)} 32. Ra5 {(02:48)} Rd7+ {(
00:40)} 33. Ke3 {(00:11)} h6 {(00:34)} 34. g3 {(01:00)}
Rb7 {(00:28)} 35. Rb5 {(00:06)} Rd7 {(00:29)} 36. Ne4 {
(01:02)} Bc4 {(00:36)} 37. Rb4 {(00:58)} Bf7 {(00:
39)} 38. Nc5 {(00:26)} Rc7 {(00:49)} 39. Kd4 {(00:10)} Re7
{(00:15)} 40. Rb8+ {(00:00)} Kh7 {(00:00)} 41. Rb7 {
(04:37)} Rxb7 {(02:36)} 42. Nxb7 {(00:05)} Kg6 {(
06:30)} 43. b4 {(08:20)} Kg5 {(12:39)} 44. Nd6 {(08:42)}
Bh5 {(03:11)} 45. Ke3 {(04:18)} Bg4 {(03:41)} 46. Nb5 {
(01:11)} a6 {(00:30)} 47. Nc7 {(01:29)} Bc8 {(00:
21)} 48. Ne8 {(00:07)} Bd7 {(01:30)} 49. Nc7 {(00:47)} Bc8
{(00:16)} 50. Nd5 {(01:21)} Bb7 {(01:19)} 51. Nf4 {
(00:18)} Kg4 {(01:36)} 52. Ne6 {(01:02)} g5 {(01:
06)} 53. Nc5 {(01:22)} Bc8 {(01:02)} 54. Kf2 {(00:56)} Kf5
{(00:27)} 55. Ke3 {(01:28)} Kg4 {(00:18)} 56. Kf2 {
(01:40)} Kf5 {(00:01)} 57. Ke3 {(01:21)} Ke5 {Ke4+}
1/2-1/2

[Event "42nd Olympiad Baku 2016 Women"]
[Site "Baku"]
[Date "2016.09.03"]
[Round "2.19"]
[White "Batsiashvili, Nino"]
[Black "Bernales, Christy Lamiel"]
[Result "1-0"]
[ECO "D12"]
[WhiteElo "2474"]
[BlackElo "2065"]
[Annotator ""]
[PlyCount "59"]
[EventDate "2016.??.??"]
[EventCountry "AZE"]
[SourceTitle "playchess.com"]
[Source "ChessBase"]
[WhiteTeam "Georgia"]
[BlackTeam "Philippines"]
[WhiteTeamCountry "GEO"]
[BlackTeamCountry "PHI"]
[TimeControl "40/5400+30:1800+30"]

1. d4 {(00:00)} d5 {(00:00)} 2. c4 {(00:00)} c6 {(
00:00)} 3. Nf3 {(00:00)} Nf6 {(00:00)} 4. e3 {(00:00)} Bf5
{(00:02)} 5. Nc3 {(00:02)} a6 {(00:23)} 6. Bd2 {(
00:31)} e6 {(00:33)} 7. Nh4 {(01:22)} Bg4 {(01:07)} 8. Qc2
{(00:15)} Bh5 {(02:41)} 9. h3 {(02:16)} Ne4 {(06:
15)} 10. Nxe4 {(13:07)} Qxh4 {(00:17)} 11. cxd5 {(16:48)}
exd5 {(11:13)} 12. Nc5 {(08:40)} Bg6 {(06:52)} 13. Qb3 {
(00:43)} b5 {(15:01)} 14. Nd3 {(14:32)} Bd6 {(07:
36)} 15. a4 {(00:56)} Be4 {(02:28)} 16. axb5 {(11:22)}
cxb5 {(00:53)} 17. Bb4 {(01:24)} Bxb4+ {(06:23)} 18. Qxb4
{(00:11)} Nc6 {(01:14)} 19. Qd6 {(01:49)} Ne7 {(04:
09)} 20. Nc5 {(09:06)} O-O {(03:55)} 21. g3 {(00:54)} Nf5
{(09:43)} 22. Qxf8+ {(00:29)} Rxf8 {(02:47)} 23. gxh4 {
(00:06)} Bxh1 {(00:09)} 24. Rxa6 {(00:38)} Rb8 {(
02:35)} 25. h5 {(03:13)} h6 {(06:05)} 26. Nd7 {(01:40)}
Rc8 {(05:17)} 27. Bxb5 {(00:46)} Be4 {(00:18)} 28. Nc5 {
(04:03)} Rb8 {(00:50)} 29. Bd3 {(00:20)} Rxb2 {(01:
22)} 30. Nxe4 {(00:09)} 1-0

[Event "42nd Olympiad Baku 2016 Women"]
[Site "Baku"]
[Date "2016.09.03"]
[Round "2.15"]
[White "Batyte, Daiva"]
[Black "Guo, Emma"]
[Result "1-0"]
[ECO "A25"]
[WhiteElo "2189"]
[BlackElo "2035"]
[Annotator ""]
[PlyCount "51"]
[EventDate "2016.??.??"]
[EventCountry "AZE"]
[SourceTitle "playchess.com"]
[Source "ChessBase"]
[WhiteTeam "Lithuania"]
[BlackTeam "Australia"]
[WhiteTeamCountry "LTU"]
[BlackTeamCountry "AUS"]
[TimeControl "40/5400+30:1800+30"]

1. c4 {(00:00)} e5 {(00:00)} 2. Nc3 {(00:00)} Nc6 {
(00:00)} 3. g3 {(00:10)} g6 {(00:06)} 4. Bg2 {(00:
24)} Bg7 {(00:19)} 5. e3 {(00:44)} Nf6 {(04:01)} 6. Nge2 {
(01:09)} O-O {(01:14)} 7. O-O {(01:18)} d6 {(00:23]
} 8. a3 {(08:40)} a5 {(01:01)} 9. Rb1 {(12:44)} Be6 {
(02:43)} 10. Nd5 {(01:53)} Rb8 {(00:33)} 11. Nec3 {
(03:33)} Ne7 {(01:09)} 12. f4 {(08:08)} Nexd5 {(08:
34)} 13. cxd5 {(05:12)} Bd7 {(05:07)} 14. fxe5 {(06:12)}
dxe5 {(00:32)} 15. b4 {(00:40)} c6 {(08:26)} 16. Qb3 {
(05:46)} axb4 {(07:43)} 17. axb4 {(01:19)} cxd5 {(
00:32)} 18. Nxd5 {(01:13)} Bc6 {(05:33)} 19. e4 {(06:54)}
Nxd5 {(03:59)} 20. exd5 {(00:26)} Bb5 {(00:04)} 21. d3 {
(02:49)} Qb6+ {(03:55)} 22. Kh1 {(01:37)} Qa6 {(05:
08)} 23. Be3 {(05:25)} Bxd3 {(07:12)} 24. b5 {(00:28)}
Bxb1 {(12:01)} 25. bxa6 {(00:31)} bxa6 {(00:07)} 26. Qxb1
{(04:55)} 1-0

[Event "42nd Olympiad Baku 2016 Women"]
[Site "Baku"]
[Date "2016.09.03"]
[Round "2.1"]
[White "Begum, Ghazala"]
[Black "O`Gorman, Alice"]
[Result "0-1"]
[ECO "A22"]
[WhiteElo "1668"]
[BlackElo "1781"]
[Annotator ""]
[PlyCount "106"]
[EventDate "2016.??.??"]
[EventCountry "AZE"]
[SourceTitle "playchess.com"]
[Source "ChessBase"]
[WhiteTeam "Pakistan"]
[BlackTeam "Ireland"]
[WhiteTeamCountry "PAK"]
[BlackTeamCountry "IRL"]
[TimeControl "40/5400+30:1800+30"]

1. c4 {(00:00)} e5 {(00:00)} 2. Nc3 {(00:00)} Nf6 {
(00:01)} 3. g3 {(00:00)} Bb4 {(02:04)} 4. Bg2 {(01:
11)} c6 {(02:41)} 5. Qc2 {(01:49)} O-O {(03:42)} 6. Nf3 {
(00:07)} Re8 {(01:24)} 7. O-O {(01:25)} d5 {(02:34]
} 8. cxd5 {(00:43)} cxd5 {(00:35)} 9. a3 {(01:00)} Bxc3 {
(02:19)} 10. bxc3 {(01:03)} Nc6 {(04:08)} 11. d3 {(
00:44)} b6 {(08:08)} 12. c4 {(01:21)} Bb7 {(03:59)} 13.
Bb2 {(03:04)} Rc8 {(04:06)} 14. cxd5 {(01:43)} Nxd5 {
(03:07)} 15. Qd2 {(01:32)} Rc7 {(15:55)} 16. Rac1 {
(00:34)} f6 {(04:54)} 17. Rc2 {(00:47)} Na5 {(02:
58)} 18. Rxc7 {(00:08)} Qxc7 {(00:34)} 19. Rc1 {(01:18)}
Qd7 {(01:23)} 20. Qd1 {(01:00)} Rc8 {(04:32)} 21. Nd2 {
(00:54)} Ne7 {(04:27)} 22. Nb3 {(03:26)} Bxg2 {(02:
38)} 23. Nxa5 {(00:22)} bxa5 {(01:15)} 24. Kxg2 {(00:07)}
Qb7+ {(00:19)} 25. e4 {(00:26)} Qxb2 {(02:50)} 26. Rxc8+ {
(00:04)} Nxc8 {(00:15)} 27. Qa4 {(00:08)} Nd6 {(02:
24)} 28. Qxa5 {(01:04)} Qb6 {(01:28)} 29. Qd5+ {(00:21)}
Kf8 {(01:02)} 30. Qa8+ {(01:25)} Kf7 {(02:30)} 31. Qd5+ {
(00:04)} Kg6 {(04:26)} 32. Qe6 {(00:52)} h6 {(01:
40)} 33. h4 {(01:04)} Qd4 {(02:43)} 34. Qg4+ {(01:02)} Kh7
{(01:25)} 35. Qf3 {(00:50)} Qa4 {(01:14)} 36. h5 {(
00:36)} Qxa3 {(00:58)} 37. Kh3 {(01:01)} Qb3 {(01:53)} 38.
Qe3 {(00:25)} a5 {(01:21)} 39. Qd2 {(00:50)} a4 {(
01:07)} 40. f3 {(00:00)} a3 {(00:00)} 41. d4 {(00:17)} a2
{(02:16)} 42. dxe5 {(00:02)} a1=Q {(00:55)} 43. exd6 {
(00:04)} Qh1+ {(00:38)} 44. Qh2 {(00:51)} Qe6+ {(
00:16)} 45. g4 {(00:37)} Qxh2+ {(00:05)} 46. Kxh2 {(00:02]
} Qxd6+ {(00:38)} 47. Kg2 {(00:01)} g6 {(00:24)} 48. hxg6+
{(00:19)} Kxg6 {(00:11)} 49. Kh3 {(01:20)} Kg5 {(
00:30)} 50. Kg2 {(00:30)} Kf4 {(00:30)} 51. Kh3 {(00:30)}
Kxf3 {(00:30)} 52. e5 {(00:30)} Qxe5 {(00:30)} 53. g5 {
(00:30)} Qg3# {(00:30)} 0-1